 Dungeon Crawl Stone Soup version 0.21-a0-396-ga924934 (webtiles) character file.

15500 Kavrick the Martial Artist (level 12, -8/96 HPs)
             Began as a Demonspawn Monk on Oct 19, 2017.
             Killed from afar by a molten gargoyle (24 damage)
             ... with a bolt of magma
             ... on level 2 of the Lair of Beasts.
             The game lasted 00:45:32 (17466 turns).

Kavrick the Martial Artist (Demonspawn Monk)       Turns: 17466, Time: 00:45:34

Health: -8/96      AC: 17    Str: 16    XL:     12   Next: 1%
Magic:  0/21       EV: 11    Int: 11    God:
Gold:   559        SH:  0    Dex: 17    Spells: 11/11 levels left

rFire    . . .     SeeInvis .     - Unarmed
rCold    + . .     Gourm    .   (no shield)
rNeg     . . .     Faith    .   L - +2 chain mail {rC+}
rPois    .         Spirit   +   w - +0 helmet
rElec    .         Reflect  .   (no cloak)
rCorr    +         Harm     .   C - +0 pair of gloves (curse)
MR       .....                  (no boots)
Stlth    ..........             (no amulet)
HPRegen  0.26/turn              o - ring of magical power
MPRegen  0.34/turn              J - ring of resist corrosion

@: no status effects
A: claws 2, iridescent scales 1, demonic guardian 1, magic shield, magic
regeneration, magic link
a: no special abilities


You were on level 2 of the Lair of Beasts.
You were not hungry.

You visited 3 branches of the dungeon, and saw 13 of its levels.

You collected 559 gold pieces.

Inventory:

Armour
 c - a +0 scale mail
 i - a +0 scale mail of magic resistance
 w - a +0 helmet (worn)
 C - a cursed +0 pair of gloves (worn)
 E - a +0 plate armour
 L - a +2 chain mail of cold resistance (worn)
Jewellery
 f - an uncursed amulet of the gourmand
 h - a +4 amulet of reflection
 o - a ring of magical power (left hand)
 y - an uncursed ring of flight
 J - a ring of resist corrosion (right hand)
Wands
 e - a wand of scattershot (6/9)
 x - a wand of flame (24/48)
 D - a wand of digging (15/24)
 H - a wand of lightning (6/15)
 M - a wand of scattershot (1/9)
 P - a wand of confusion (18/48)
 R - a wand of random effects (21/48)
Scrolls
 d - 4 scrolls of teleportation
 j - a scroll of noise
 q - 5 scrolls of remove curse
 r - 2 scrolls of enchant weapon
 v - 3 scrolls of enchant armour
 G - a scroll of fog
 K - a scroll of magic mapping {unknown}
 N - 2 scrolls of recharging {unknown}
 O - a scroll of random uselessness {unknown}
Potions
 g - a potion of cancellation {unknown}
 k - 2 potions of might {unknown}
 l - 3 potions of berserk rage
 m - 4 potions of flight
 p - 2 potions of haste
 t - 2 potions of ambrosia
 u - 3 potions of curing
 z - 2 potions of heal wounds {unknown}
 A - 2 potions of degeneration {unknown}
 B - 2 potions of mutation {unknown}
 F - 2 potions of lignification {unknown}
 I - a potion of agility {unknown}
Books
 n - a book of Power

   Spells                             Type                      Level
   a - Iskenderun's Battlesphere      Conjuration/Charms           5
   b - Venom Bolt                     Conjuration/Poison           5
   c - Bolt of Magma                  Conjuration/Fire/Earth       5
   d - Iron Shot                      Conjuration/Earth            6
   e - Orb of Destruction             Conjuration                  7
   f - Spellforged Servitor           Conjuration/Summoning        7
 Q - a book of Frost

   Spells                             Type                      Level
   a - Freeze                         Ice                          1
   b - Throw Frost                    Conjuration/Ice              2
   c - Ozocubu's Armour               Charms/Ice                   3
   d - Throw Icicle                   Conjuration/Ice              4
   e - Summon Ice Beast               Ice/Summoning                4
Comestibles
 a - a meat ration
 b - 2 bread rations
 s - a royal jelly
 S - 2 chunks of flesh


   Skills:
 + Level 9.4 Fighting
 + Level 8.1 Armour
 + Level 8.6 Dodging
 - Level 1.7 Stealth
 * Level 11.6 Unarmed Combat


You had 11 spell levels left.
You didn't know any spells.

Dungeon Overview and Level Annotations

Branches:
Dungeon (10/15)            Temple (1/1) D:4            Lair (2/6) D:10
    Orc (0/2) D:9
  Swamp: Lair:2-4    Shoals: Lair:2-4     Snake: Lair:2-4    Spider: Lair:2-4

Altars:
Ashenzari
Cheibriados
Dithmenos
Elyvilon
Fedhas
Gozag
Hepliaklqana
Kikubaaqudgha
Makhleb
Nemelex Xobeh
Okawaru
Qazlal
Ru
Sif Muna
Trog
Uskayaw
Vehumet
Wu Jian
Xom
Yredelemnul
Zin
The Shining One
Beogh

Annotations:
D:2 Sigmund


Innate Abilities, Weirdness & Mutations

You have very sharp fingernails.
You are partially covered in iridescent scales. (AC +2)
A weak demonic guardian rushes to your aid.
When hurt, damage is shared between your health and your magic reserves.
You regenerate magic rapidly.
When low on magic, you restore magic in place of health.


Message History

The molten gargoyle hits you with a flail.
You are engulfed in flames!
You hit the molten gargoyle but do no damage.
You punch the molten gargoyle, but do no damage.
The molten gargoyle is heavily damaged.
Your shadow imp closely misses the molten gargoyle.
The molten gargoyle hits you but does no damage.
You hit the molten gargoyle but do no damage.
The molten gargoyle is heavily damaged.
You hit the molten gargoyle but do no damage.
The molten gargoyle is heavily damaged.
The molten gargoyle hits you with a flail!
* * * LOW HITPOINT WARNING * * *
You are engulfed in flames!
* * * LOW HITPOINT WARNING * * *
Your shadow imp hits the molten gargoyle but does no damage.
Your ufetubus hits the molten gargoyle but does no damage. x2
The molten gargoyle blasts magma at you!
The bolt of magma hits you!
You die...

...#.......>............
.#..#.....................
#.......................§.
##..#...............$.....
###P......................# P
#.#P.P##.....#...#P......# §§ ..
......#P.........59......##§§§≈≈
<.....#...........5.........§§≈#≈
......P.÷...PP..@#P##.......§§≈≈≈
.......<.##.##...#####..##P.§≈§≈
......÷..#####...#####.9###... ..
###..#........##.#.##...P.#.#..#
#P#........###...###..9....###
###........# #..............P..
##.......###........#####....
#........#..........#### ...
##..................##.## ..


You could see a molten gargoyle, a friendly shadow imp and a friendly ufetubus.

Vanquished Creatures
  A hydra (Lair:1)
  3 two-headed ogres
  The ghost of tof the Carver, a novice MiMo of Elyvilon (D:8)
  2 oklob plants
  Joseph (D:8)
  Psyche (D:10)
  2 spiny frogs (Lair:1)
  3 komodo dragons
  The ghost of confidenceinterval the Insei, a novice SpTm of Okawaru (D:6)
  A wyvern (D:9)
  9 yaks
  Grum (D:10)
  2 water moccasins (Lair:1)
  2 porcupines (Lair:1)
  Duvessa (D:7)
  4 sky beasts
  3 ice beasts
  A black bear (D:10)
  3 orc warriors
  3 phantoms
  An eye of draining (D:10)
  7 ogres
  4 crocodiles
  2 wolves (D:10)
  A big kobold (D:8)
  6 centaurs
  4 bullfrogs
  Dowan (D:7)
  A scorpion (D:10)
  4 killer bees (D:6)
  5 wights (D:6)
  3 electric eels
  5 crimson imps
  A bullfrog zombie (D:7)
  4 centaur zombies
  A gnoll shaman (D:10)
  2 hounds
  6 jellies
  6 orc priests
  7 orc wizards
  4 bullfrog skeletons
  2 centaur skeletons
  6 iguanas
  9 worker ants
  5 gnolls (D:10)
  2 worker ant zombies
  10 adders
  A howler monkey skeleton (D:6)
  4 shadow imps
  16 oozes
  2 adder zombies
  3 adder skeletons
  4 worms
  A dart slug (D:3)
  5 leopard geckos
  35 orcs
  6 ball pythons
  9 giant cockroaches
  6 goblins
  3 hobgoblins
  12 jackals
  5 quokkas
  5 bats
  7 frilled lizards
  A jackal zombie (D:5)
  10 kobolds
  2 quokka zombies
  10 rats
  A plant (D:10)
302 creatures vanquished.

Vanquished Creatures (collateral kills)
  2 two-headed ogres
  Pikel (D:6)
  A hippogriff (D:6)
  A yak (Lair:1)
  An acid dragon (D:7)
  A water moccasin (D:8)
  An ogre (D:6)
  2 killer bees (D:6)
  2 centaur zombies
  A jelly (D:8)
  A worker ant (D:7)
  3 gnolls (D:6)
  3 orcs
20 creatures vanquished.

Vanquished Creatures (others)
  3 slaves (D:7)
  An orc wizard (D:7)
  An adder (D:7)
  2 jackals (D:7)
  9 fungi (Lair:1)
  2 plants (Lair:1)
18 creatures vanquished.

Grand Total: 340 creatures vanquished

Notes
Turn   | Place    | Note
-------+----------+-------------------------------------------
     0 | D:1      | Kavrick the Demonspawn Monk began the quest for the Orb.
     0 | D:1      | Reached XP level 1. HP: 18/18 MP: 1/1
   160 | D:1      | Gained mutation: When hurt, damage is shared between your health and your magic reserves. [demonic ancestry]
   160 | D:1      | Reached XP level 2. HP: 23/24 MP: 2/2
   213 | D:1      | Reached skill level 3 in Unarmed Combat
   472 | D:1      | You fall through a shaft!
   857 | D:2      | Gained mutation: You have sharp fingernails. [demonic ancestry]
   857 | D:2      | Reached XP level 3. HP: 29/29 MP: 3/3
   990 | D:2      | Noticed Sigmund
   994 | D:2      | Reached skill level 1 in Armour
  1944 | D:3      | Reached XP level 4. HP: 34/35 MP: 4/4
  2628 | D:4      | Gained mutation: You regenerate magic rapidly. [demonic ancestry]
  2628 | D:4      | Reached XP level 5. HP: 41/42 MP: 5/5
  2630 | D:4      | Reached skill level 4 in Unarmed Combat
  2679 | D:4      | Noticed a phantom
  2726 | D:4      | Killed a phantom
  2726 | D:4      | Gained mutation: A weak demonic guardian rushes to your aid. [demonic ancestry]
  2726 | D:4      | Reached XP level 6. HP: 23/48 MP: 6/6
  3173 | D:4      | Found a staircase to the Ecumenical Temple.
  3200 | Temple   | Entered the Ecumenical Temple
  3651 | D:5      | Entered Level 5 of the Dungeon
  3852 | D:5      | Reached skill level 5 in Unarmed Combat
  4010 | D:5      | Gained mutation: You are partially covered in iridescent scales. (AC +2) [demonic ancestry]
  4010 | D:5      | Reached XP level 7. HP: 49/55 MP: 7/7
  4955 | D:6      | Noticed a hippogriff
  4960 | D:6      | Noticed confidenceinterval's ghost (novice SpTm)
  5386 | D:6      | Reached skill level 5 in Fighting
  5412 | D:6      | Killed a hippogriff
  5412 | D:6      | Reached skill level 6 in Unarmed Combat
  5412 | D:6      | Reached XP level 8. HP: 51/62 MP: 8/8
  5579 | D:6      | Killed confidenceinterval's ghost
  5950 | D:6      | Reached skill level 5 in Dodging
  6487 | D:6      | Reached skill level 7 in Unarmed Combat
  6761 | D:4      | Got a scorched scale mail
  6772 | D:4      | Identified the cursed +1 scale mail "Hamujinur" {Int+3} (You took it off a goblin on level 4 of the Dungeon)
  6925 | D:6      | Reached XP level 9. HP: 49/69 MP: 9/9
  6954 | D:6      | Found a basalt altar of Yredelemnul.
  7144 | D:7      | Noticed Pikel
  7537 | D:6      | Killed Pikel
  7537 | D:6      | Reached skill level 5 in Armour
  7725 | D:7      | Noticed Duvessa
  7734 | D:6      | Reached skill level 8 in Unarmed Combat
  7985 | D:7      | HP: 1/71 [acid (9)]
  8396 | D:7      | Noticed Dowan
  8609 | D:7      | Found a burning altar of Makhleb.
  8672 | D:7      | Noticed a two-headed ogre
  9197 | D:7      | Killed Duvessa
  9207 | D:7      | Killed Dowan
  9412 | D:7      | Killed a two-headed ogre
  9412 | D:7      | Reached skill level 9 in Unarmed Combat
  9412 | D:7      | Reached XP level 10. HP: 79/79 MP: 10/10
  9738 | D:8      | Noticed a two-headed ogre
  9899 | D:8      | Noticed Joseph
  9928 | D:8      | Killed Joseph
 10154 | D:8      | Noticed tof's ghost (novice MiMo)
 10229 | D:8      | Killed tof's ghost
 11018 | D:8      | Killed a two-headed ogre
 11487 | D:8      | Noticed a two-headed ogre
 11520 | D:8      | Killed a two-headed ogre
 11520 | D:8      | Reached skill level 10 in Unarmed Combat
 12129 | D:9      | Gained mutation: You have very sharp fingernails. [demonic ancestry]
 12129 | D:9      | Reached XP level 11. HP: 72/86 MP: 11/11
 12868 | D:9      | Found a roughly hewn altar of Beogh.
 12868 | D:9      | Found a staircase to the Orcish Mines.
 13196 | D:10     | Entered Level 10 of the Dungeon
 13252 | D:10     | Found a white marble altar of Elyvilon.
 13278 | D:10     | Noticed an oklob plant
 13417 | D:10     | Found a staircase to the Lair.
 13442 | D:10     | Noticed a two-headed ogre
 13454 | D:10     | Killed a two-headed ogre
 13610 | D:10     | Noticed Psyche
 13628 | D:10     | Killed Psyche
 13713 | D:10     | Noticed Grum
 13733 | D:10     | Killed Grum
 13990 | D:10     | Noticed a two-headed ogre
 14019 | D:10     | Killed a two-headed ogre
 14652 | D:10     | Killed an oklob plant
 14695 | Lair:1   | Entered Level 1 of the Lair of Beasts
 14711 | D:10     | HP: 3/87 [komodo dragon (14)]
 14715 | D:10     | Reached skill level 11 in Unarmed Combat
 15376 | Lair:1   | Noticed an eight-headed hydra
 15969 | Lair:1   | Killed an eight-headed hydra
 16345 | Lair:1   | Noticed an oklob plant
 16520 | Lair:1   | Killed an oklob plant
 17005 | Lair:2   | Gained mutation: When low on magic, you restore magic in place of health. [demonic ancestry]
 17005 | Lair:2   | Reached XP level 12. HP: 40/96 MP: 10/12
 17466 | Lair:2   | Killed from afar by a molten gargoyle

Vault maps used:
D:1:      sevenhm_arrival_forest_fort_small_6
D:2:      dk_noncrumbling_3, uniq_sigmund
D:4:      temple_statues
D:5:      first_bread
D:6:      cheibrodos_barr_body, marbit_many_paths
D:7:      minmay_blocky_corners, basic_altar, uniq_pikel, uniq_duvessa
D:8:      uniq_joseph
D:9:      david_orc_5
D:10:     dpeg_oklobed_lair, serial_curves, eino_curves_03, eino_curves_03,
          eino_curves_04, basic_altar, uniq_psyche, uniq_grum
Temple:   compressed_dpeg_circular_temple
Lair:1:   lemuel_slime
Lair:2:   minmay_lair_oklob_tunnel, enter_volcano_4, minmay_lair_oklob_chamber,
          serial_bayou_shore_b, uniq_sonja, uniq_harold, uniq_urug

Skill      XL: |  1  2  3  4  5  6  7  8  9 10 11 |
---------------+----------------------------------+-----
Unarmed Combat | 3 4 5 6 7 9 10 11 | 11.6
Dodging        | 3 4 5 6 7 8 |  8.6
Armour         | 1 2 3 4 5 6 8 |  8.1
Fighting       | 4 5 6 7 8 9 |  9.4
Stealth        | |  1.7

Action                   |  1- 3 |  4- 6 |  7- 9 | 10-12 || total
-------------------------+-------+-------+-------+-------++-------
Melee: Unarmed           |   157 |   183 |   449 |   640 ||  1429
       Punch             |       |       |    19 |    29 ||    48
  Use: Scroll            |     5 |       |     5 |     9 ||    19
       Potion            |       |       |     1 |     1 ||     2
 Stab: Sleeping          |     6 |       |       |       ||     6
       Distracted        |       |     1 |       |     6 ||     7
  Eat: Chunk             |     3 |     6 |    13 |    13 ||    35
       Bread ration      |       |       |     1 |     3 ||     4
       Fruit             |       |       |     1 |       ||     1
Armor: Leather armour    |    10 |       |       |       ||    10
       Scale mail        |    33 |    48 |   123 |       ||   204
       Chain mail        |       |       |    19 |   230 ||   249
Dodge: Dodged            |    83 |    73 |   250 |   202 ||   608

Table legend:
 A = Spawn XP
 B = Non-spawn XP
 C = Spawn XP percentage of total XP
 D = Spawn monster count
 E = Non-spawn monster count
 F = Spawn count percentage of total count
 G = Total turns spent on level
                    A         B        C        D         E        F      G
               +---------+---------+-------+---------+---------+-------+---------
         Total |       0 |   22144 |   0.0 |       0 |     321 |   0.0 | 17466
               +---------+---------+-------+---------+---------+-------+---------
           D:1 |       0 |      30 |   0.0 |       0 |      18 |   0.0 |   628
           D:2 |       0 |      30 |   0.0 |       0 |      18 |   0.0 |   895
           D:3 |       0 |     112 |   0.0 |       0 |      21 |   0.0 |  1078
           D:4 |       0 |     379 |   0.0 |       0 |      12 |   0.0 |  1074
           D:5 |       0 |     338 |   0.0 |       0 |      16 |   0.0 |  1409
           D:6 |       0 |    3184 |   0.0 |       0 |      51 |   0.0 |  3372
           D:7 |       0 |    1903 |   0.0 |       0 |      29 |   0.0 |  1214
           D:8 |       0 |    4114 |   0.0 |       0 |      41 |   0.0 |  2074
           D:9 |       0 |    1772 |   0.0 |       0 |      38 |   0.0 |  1299
          D:10 |       0 |    4501 |   0.0 |       0 |      35 |   0.0 |  1815
        Lair:1 |       0 |    5125 |   0.0 |       0 |      38 |   0.0 |  1831
        Lair:2 |       0 |     656 |   0.0 |       0 |       4 |   0.0 |   624
               +---------+---------+-------+---------+---------+-------+---------
